[Event "*** SCC Grand Prix: Titled Tuesday Blitz"]
[Site "Chess.com"]
[Date "2020.06.09"]
[Round "5"]
[White "krasavetc"]
[Black "alexrustemov"]
[Result "0-1"]
[WhiteElo "2214"]
[BlackElo "2678"]
[TimeControl "180+1"]
[EndTime "9:56:53 PDT"]
[Termination "alexrustemov won by resignation"]

1. e4 e6 2. Nf3 d5 3. e5 c5 4.
c3 Bd7 5. d4 Qb6 6. Na3 cxd4 7.
cxd4 Bb4+ 8. Bd2 Ne7 9. Bd3 Bxd2+ 10. Qxd2 a6 11. O-O Nbc6 12. Nc2 h6 13. a4 a5 14.
Rfb1 O-O 15. g4 f6 16. exf6 Rxf6 17. Ne5 Nxe5 18. dxe5 Rf3 19. Nd4 Rf7 20. Kg2 Raf8 21. Rf1 Rf4 22. Nb5 Bxb5 23. axb5 Rxg4+ 24. Kh1 Rgf4 25. Qxa5 Qd4 26. Qc3 Qxc3 27. bxc3 Rf3 28. Be2 Rxc3 29. Ra7 Ng6 30. Bg4 Nf4 31. Rxb7 Rb3 32. f3 h5 33. Rc1 hxg4 34. fxg4 Kh7 35. h4 Rh3+ 36. Kg1 Rxh4 37. Rcc7 Rxg4+ 38. Kh2 Rg2+ 39. Kh1 Rf5 0-1

[Event "*** SCC Grand Prix: Titled Tuesday Blitz"]
[Site "Chess.com"]
[Date "2020.06.09"]
[Round "5"]
[White "oskariot"]
[Black "Onischuk_V"]
[Result "0-1"]
[WhiteElo "2642"]
[BlackElo "2893"]
[TimeControl "180+1"]
[EndTime "9:56:54 PDT"]
[Termination "Onischuk_V won by resignation"]

1. e4 d6 2. d4 Nf6 3. Nc3 g6 4. Nf3 Bg7 5. Be2 O-O 6. O-O a6 7. a4 Nc6 8. Re1 e5 9. Be3 Ng4 10. Bg5 f6 11. Bh4 g5 12. Bg3 Nh6 13. Bc4+ Kh8 14. Nd5 g4 15. Nh4 Nxd4 16. c3 Nc6 17. Qd2 Ne7 18. Rad1 Nxd5 19. Bxd5 Qe8 20. a5 Qh5 21. b4 Rb8 22. Bb3 f5 23. exf5 Bxf5 24. c4 Be6 25. Qd3 Bf6 26. Bc2 Rf7 27. c5 d5 28. c6 e4 29. Qe3 Bxh4 30. Qa7 Rff8 31. cxb7 Bxg3 32. hxg3 Qf7 33. Ba4 Nf5 34. Bc6 e3 35.
fxe3 Ne7 36. Ba4 Qf2+ 37. Kh2 Rf6 38. Qxb8+ Kg7 39. Qf8+ Kxf8 40. b8=Q+ Kg7 0-1

[Event "*** SCC Grand Prix: Titled Tuesday Blitz"]
[Site "Chess.com"]
[Date "2020.06.09"]
[Round "5"]
[White "BulletMercenary"]
[Black "MusicCityMaster"]
[Result "0-1"]
[WhiteElo "2122"]
[BlackElo "2326"]
[TimeControl "180+1"]
[EndTime "9:56:54 PDT"]
[Termination "MusicCityMaster won by resignation"]

1. e4 c5 2. c3 Nf6 3. Bd3 d6 4. h3 Nc6 5. Qe2 g6 6. Nf3 Bg7 7. Bc2 O-O 8. d4 cxd4 9. cxd4 Nb4 10. Bb3 b6 11. O-O Ba6 12. Bc4 Bxc4 13. Qxc4 a5 14. Nc3 Rc8 15. Qe2 d5 16. e5 Ne8 17. a3 Nc6 18.
Bg5 Nc7 19. Rac1 Qd7 20. Rc2 Ne6 21. Be3 f6 22. Qb5 fxe5 23. Nxd5 exd4 24. Nxb6 Qb7 25. Qd5 Qxb6 26. Qxe6+ Kh8 27. Nxd4 Bxd4 28. Rxc6 Rxc6 29.
Bxd4+ Qxd4 30. Qxc6 Qxb2 31. a4 Qd4 32. Qb5 Rf5 33.
Qb8+ Kg7 34. Qe8 Rf7 35. Qc6 h5 36. Qc2 Rf4 37. Re1 e5 38. Qc7+ Kh6 39. Qxe5 Qxe5 40. Rxe5 Rxa4 41. Re7 Ra1+ 42. Kh2 g5 43. Re5 Kg6 44. h4 g4 45. Rg5+ Kh6 46. Kg3 a4 47. f4 gxf3 48. gxf3 Rg1+ 49. Kf4 Rxg5 50. hxg5+ Kg6 0-1

[Event "*** SCC Grand Prix: Titled Tuesday Blitz"]
[Site "Chess.com"]
[Date "2020.06.09"]
[Round "5"]
[White "Firouzja2003"]
[Black "rpragchess"]
[Result "1-0"]
[WhiteElo "3137"]
[BlackElo "2842"]
[TimeControl "180+1"]
[EndTime "9:56:55 PDT"]
[Termination "Firouzja2003 won by resignation"]

1. e4 c5 2. Nf3 Nc6 3. Nc3 e5 4. Bc4 Be7 5. d3 d6 6. O-O Nf6 7. Ng5 O-O 8. f4 Bg4 9. Qe1 Nd4 10. Qf2 exf4 11. Bxf4 Be6 12. Bb3 Bxb3 13. axb3 Ng4 14. Qh4 h6 15. Qxg4 Bxg5 16. Bxg5 Qxg5 17. Qxg5 hxg5 18.
Rf2 f6 19. Nd5 a6 20. b4 Nc6 21. bxc5 dxc5 22. Nc7 Rac8 23. Ne6 Rf7 24. Nxc5 Nb4 25. d4 b6 26. Ne6 Rxc2 27. Rxc2 Nxc2 28. Rxa6 Rd7 29. d5 Ne3 30. Rxb6 f5 31. Nxg5 Rd8 32. Ne6 Rc8 33. Kf2 Ng4+ 34. Kg3 Ne5 35. exf5 Rc4 36. h3 Kf7 37. Ng5+ Ke7 38. Re6+ 1-0

[Event "*** SCC Grand Prix: Titled Tuesday Blitz"]
[Site "Chess.com"]
[Date "2020.06.09"]
[Round "5"]
[White "CrushingKings"]
[Black "carlesdc96"]
[Result "0-1"]
[WhiteElo "2515"]
[BlackElo "2739"]
[TimeControl "180+1"]
[EndTime "9:56:55 PDT"]
[Termination "carlesdc96 won by resignation"]

1. e4 e6 2. Nf3 d5 3. Nc3 Nf6 4. e5 Ne4 5. Ne2 Bc5 6. d4 Be7 7. h4 c5 8. c3 Nc6 9. g3 cxd4 10. Nexd4 Qb6 11. Bg2 Bd7 12. O-O h6 13. Be3 Qc7 14. Nxc6 bxc6 15. h5 Rb8 16. Qc2 O-O 17. c4 Qb7 18. b3 a5 19. Nh2 c5 20. Bxe4 dxe4 21.
Qd2 Kh7 22. Qxa5 f5 23. Qd2 Be8 24. a4 Bxh5 25. a5 Qa6 26. Qd7 Rb7 27. Qa4 Rfb8 28. Rfb1 Be2 29. Rb2 Bxc4 30. Rc1 Bxb3 31. Qa1 c4 32.
Bd4 Ra8 33. Bc3 Bb4 34. Bxb4 Rxb4 35. Rd2 Qxa5 36. Qd4 c3 37. Qxc3 Rc4 38. Qb2 Rxc1+ 39. Qxc1 Qa1 40. Qxa1 Rxa1+ 41. Kg2 Bd5 42. Kh3 g5 43.
Nf1 Rxf1 0-1

[Event "*** SCC Grand Prix: Titled Tuesday Blitz"]
[Site "Chess.com"]
[Date "2020.06.09"]
[Round "5"]
[White "FrenchMonster2002"]
[Black "csati17"]
[Result "0-1"]
[WhiteElo "2413"]
[BlackElo "2585"]
[TimeControl "180+1"]
[EndTime "9:56:55 PDT"]
[Termination "csati17 won on time"]

1. e4 e6 2. d4 d5 3. e5 c5 4. c3 Nc6 5. Nf3 Qb6 6. Bd3 Bd7 7. O-O g6 8. Nbd2 a5 9. dxc5 Bxc5 10. Nb3 Bf8 11.
Nbd4 Nxd4 12. cxd4 h6 13. Be3 Ne7 14. Rc1 Nc6 15.
Qe2 Nb4 16. Rfd1 Nxa2 17. Rc5 Bxc5 18. dxc5 Qc7 19. Nd4 Nb4 20. Nb5 Bxb5 21. Bxb5+ Nc6 22. f4 O-O 23. Bf2 Ne7 24. Bd3 a4 25. Qg4 a3 26.
bxa3 Rxa3 27. Bf1 Rfa8 28. h4 h5 29. Qg5 Nf5 30. g4 hxg4 31. Qxg4 Ng7 32. Rc1 Ra1 33. Rxa1 Rxa1 34. Kg2 Qa5 35. Qg5 Ra2 36. Qg3 Qxc5 37.
Qf3 Nf5 38. Kg1 Qc2 39. Qg2 Qd1 40. h5 Qxh5 41. Qh2 Qxh2+ 42. Kxh2 Rxf2+ 43. Kg1 Rxf1+ 0-1

[Event "*** SCC Grand Prix: Titled Tuesday Blitz"]
[Site "Chess.com"]
[Date "2020.06.09"]
[Round "5"]
[White "joksijoksi"]
[Black "MomchilPetkov"]
[Result "0-1"]
[WhiteElo "2355"]
[BlackElo "2540"]
[TimeControl "180+1"]
[EndTime "9:56:55 PDT"]
[Termination "MomchilPetkov won by resignation"]

1. d4 Nf6 2. c4 e6 3. Nc3 Bb4 4. f3 c5 5. a3 Bxc3+ 6. bxc3 O-O 7. e4 d6 8. Bd3 Nc6 9. Be3 e5 10. d5 Ne7 11. Ne2 Ng6 12. O-O Nh5 13. Qd2 h6 14. Ng3 Nhf4 15. Nf5 Qf6 16. g3 Nxd3 17.
Qxd3 Ne7 18. g4 Nxf5 19. gxf5 Kh7 20. Qd2 g6 21. Bxh6 Rg8 22. Kh1 gxf5 23. Be3 f4 24. Bf2 Bh3 25. Rg1 Qh6 26. Qe2 Qh5 27. a4 a5 28.
Rab1 Rxg1+ 29. Rxg1 Rg8 30. Rxg8 Kxg8 31. Be1 b6 32.
Qf2 Qg5 33. Qg1 Qxg1+ 34. Kxg1 f6 35. Bd2 Bd7 36. Kg2 Bxa4 37. Kf2 Bb3 38. Kg2 Bxc4 39. Bc1 b5 40. Kf2 b4 41. Bb2 a4 0-1

[Event "*** SCC Grand Prix: Titled Tuesday Blitz"]
[Site "Chess.com"]
[Date "2020.06.09"]
[Round "5"]
[White "SergioGarciaFuentes"]
[Black "PauloFanha"]
[Result "1-0"]
[WhiteElo "2231"]
[BlackElo "1997"]
[TimeControl "180+1"]
[EndTime "9:56:55 PDT"]
[Termination "SergioGarciaFuentes won on time"]

1. d4 d5 2. c4 e6 3. Nf3 Nf6 4. g3 Bb4+ 5. Bd2 Be7 6. Bg2 O-O 7. Qc2 c6 8. O-O b6 9. Nc3 Ba6 10. cxd5 cxd5 11. Ne5 Nfd7 12. Rfd1 Nxe5 13. dxe5 Qc8 14. Rac1 Nc6 15. Nxd5 exd5 16. Qxc6 Qxc6 17. Rxc6 Bxe2 18. Re1 Bb5 19. Rc7 Bd8 20. Rcc1 Be7 21. Rc7 Bd8 22. Rc2 Be7 23. Bxd5 Rad8 24. Be4 Rxd2 25. Rxd2 Bb4 26. Red1 Bxd2 27. Rxd2 g6 28. f4 Rc8 29. Kf2 Bc6 30. Rc2 Bd7 31. Rxc8+ Bxc8 32. Ke3 Kf8 33. Kd4 Ke7 34.
Bd5 Bf5 35. b4 h6 36. a4 g5 37. fxg5 hxg5 38. h4 gxh4 39. gxh4 Bg4 40. Ke4 Bd1 41. a5 bxa5 42. bxa5 1-0

[Event "*** SCC Grand Prix: Titled Tuesday Blitz"]
[Site "Chess.com"]
[Date "2020.06.09"]
[Round "5"]
[White "vinniethepooh"]
[Black "Lion-Al-Messi"]
[Result "1-0"]
[WhiteElo "2554"]
[BlackElo "2394"]
[TimeControl "180+1"]
[EndTime "9:56:56 PDT"]
[Termination "vinniethepooh won on time"]

1. d4 d5 2. c4 c6 3. Nc3 Nf6 4. cxd5 cxd5 5. f3 Qb6 6. e4 dxe4 7. fxe4 e5 8. Bb5+ Bd7 9. dxe5 Ng4 10. Qxg4 Qxb5 11.
Nxb5 Bxg4 12. Nc7+ Kd7 13. Nxa8 Nc6 14. h3 Be6 15.
Nf3 Bc5 16. Bf4 Rxa8 17. O-O-O+ Kc7 18. Ng5 h6 19. Nxe6+ fxe6 20. Kb1 a5 21. Rc1 Kb6 22. h4 a4 23. Rc4 Kb5 24. Rhc1 Be7 25. g3 g5 26. hxg5 hxg5 27. Be3 Rh8 28. b3 a3 29. Bc5 Bd8 30. Bxa3 Bb6 31. Bc5 Ba5 32. a4+ Ka6 33.
b4 Nxe5 34. bxa5 Nxc4 35. Rxc4 Rh1+ 36. Kb2 Rh2+ 37. Kb3 Re2 38. Bb6 Rg2 39. Rc8 1-0

[Event "*** SCC Grand Prix: Titled Tuesday Blitz"]
[Site "Chess.com"]
[Date "2020.06.09"]
[Round "5"]
[White "Ceejay271"]
[Black "volcanoexplorer"]
[Result "0-1"]
[WhiteElo "2390"]
[BlackElo "2554"]
[TimeControl "180+1"]
[EndTime "9:56:56 PDT"]
[Termination "volcanoexplorer won on time"]

1. d4 Nf6 2. c4 e6 3. Nc3 Bb4 4. g3 O-O 5. Bg2 d5 6. Nf3 Ne4 7. Qb3 a5 8. a3 Bxc3+ 9. bxc3 a4 10. Qc2 Nc6 11. O-O Na5 12. cxd5 exd5 13. Qxa4 Nxc3 14.
Qc2 Ne4 15. Nd2 Nf6 16. a4 Re8 17. e3 c6 18. Ba3 b6 19. Rfc1 Ba6 20. Bf1 Bxf1 21.
Kxf1 Ne4 22. Nxe4 Rxe4 23. Bb4 Nc4 24. Kg2 Rxe3 25. Re1 Re6 26. Qf5 Qd7 27. Ra2 g6 28. Qh3 Rae8 29. Rae2 f5 30. Rxe6 Rxe6 31. Qh4 Rxe1 32. Bxe1 Qe8 33. Bb4 Qe4+ 34. Qxe4 fxe4 35. f3 Kf7 36. fxe4 dxe4 37. g4 Ke6 38. Kg3 Kd5 39.
Bc3 Ne3 40. Kf4 Nd1 41. Ba1 h6 42. h4 Nf2 43. h5 Nd3+ 44. Ke3 g5 45. Bc3 Nf4 0-1

[Event "*** SCC Grand Prix: Titled Tuesday Blitz"]
[Site "Chess.com"]
[Date "2020.06.09"]
[Round "5"]
[White "diablanni"]
[Black "Belka1989"]
[Result "0-1"]
[WhiteElo "2332"]
[BlackElo "2459"]
[TimeControl "180+1"]
[EndTime "9:56:56 PDT"]
[Termination "Belka1989 won on time"]

1. e4 e5 2. Nf3 Nc6 3. d4 exd4 4. Nxd4 Qh4 5. Nc3 Bb4 6. Be2 Qxe4 7. Nb5 Bxc3+ 8. bxc3 Kd8 9. O-O Nf6 10. Be3 Re8 11. Re1 Qd5 12. c4 Qxd1 13. Raxd1 a6 14. Nc3 h6 15. c5 Ke7 16. Bf4 Kf8 17. Bxc7 Kg8 18. Bc4 b5 19. cxb6 Bb7 20. Nd5 Ne4 21. Ne3 Nc5 22. Nf5 Ne4 23. Bxf7+ Kxf7 24. Rxe4 Rxe4 25. Nd6+ Ke6 26. Nxe4 Na5 27. Nd6 Bc6 28. Re1+ Kf6 29. c4 Kg6 30. f4 Nb7 31. g3 Nc5 32. Re8 Rxe8 33. Nxe8 Nb7 34. Nd6 a5 35. Nxb7 Bxb7 36. Kf2 Kf5 37. c5 Ke4 38. a3 Bc6 0-1

[Event "*** SCC Grand Prix: Titled Tuesday Blitz"]
[Site "Chess.com"]
[Date "2020.06.09"]
[Round "5"]
[White "memer5334"]
[Black "marianokar"]
[Result "1-0"]
[WhiteElo "2241"]
[BlackElo "2383"]
[TimeControl "180+1"]
[EndTime "9:56:56 PDT"]
[Termination "memer5334 won on time"]

1. d4 Nf6 2. c4 e6 3. Nf3 d5 4. Nc3 dxc4 5. Bg5 h6 6. Bxf6 Qxf6 7. e3 a6 8. Bxc4 g6 9. O-O Bg7 10. Ne5 O-O 11. f4 Qe7 12. Rc1 c5 13. Ne4 cxd4 14.
exd4 Rd8 15. Rf2 Nc6 16. Nxc6 bxc6 17. Rd2 Qa7 18. Kh1 Rxd4 19. Rxd4 Qxd4 20. Qxd4 Bxd4 21. Bb3 Bxb2 22. Rxc6 Bb7 23. Rc4 Bd5 24. Rc2 Bg7 25.
Bxd5 exd5 26. Nd6 Bf8 27. Nb7 Rb8 28. Rc7 Re8 29. g3 Re7 30. Rxe7 Bxe7 31. Na5 f6 32. Kg2 Kf7 33. Kf3 Ke6 34. Nb3 Kd6 35. Ke3 f5 36. h4 Bf6 37. Kd3 Kc6 38. a4 Kd6 39. Ke3 h5 40.
Kd3 1-0

[Event "*** SCC Grand Prix: Titled Tuesday Blitz"]
[Site "Chess.com"]
[Date "2020.06.09"]
[Round "5"]
[White "imdvb6307"]
[Black "Roman_Ovetchkin"]
[Result "1-0"]
[WhiteElo "2401"]
[BlackElo "2569"]
[TimeControl "180+1"]
[EndTime "9:56:57 PDT"]
[Termination "imdvb6307 won on time"]

1. c4 Nf6 2. Nc3 g6 3. Nf3 Bg7 4. d4 O-O 5. e4 d6 6. Be2 e5 7.
O-O Nc6 8. d5 Ne7 9. Ne1 Nd7 10.
f3 f5 11. g4 f4 12. h4 Nf6 13.
Nd3 c6 14. Kg2 b5 15. Nb4 cxd5 16. cxd5 a6 17. a4 Bd7 18. axb5 axb5 19. Rxa8 Qxa8 20. Bd2 Qb7 21. Bd3 h5 22. g5 Ng4 23. Qe2 Ne3+ 24.
Bxe3 fxe3 25. Nd1 Rf4 26. Rh1 Qa7 27. Nxe3 Qc5 28. Nbc2 b4 29. b3 Kh7 30. Qd2 Qc8 31. Nxb4 Qf8 32. Qe2 Nc8 33. Nbc2 Qe7 34. Kg3 Nb6 35. Ng2 Rf8 36. Ra1 Rb8 37. Qd2 Qd8 38. Nce3 Be8 39. b4 Nd7 40. b5 Qc7 41. Qc2 1-0

[Event "*** SCC Grand Prix: Titled Tuesday Blitz"]
[Site "Chess.com"]
[Date "2020.06.09"]
[Round "5"]
[White "JulAnt"]
[Black "silverback96"]
[Result "0-1"]
[WhiteElo "2362"]
[BlackElo "2197"]
[TimeControl "180+1"]
[EndTime "9:56:57 PDT"]
[Termination "silverback96 won by checkmate"]

1. e4 e6 2. d4 d5 3. Nd2 Nf6 4. e5 Nfd7 5. c3 c5 6. Bd3 Nc6 7. Ne2 cxd4 8. cxd4 f6 9. exf6 Nxf6 10. O-O Bd6 11. Nf3 Qc7 12. Bg5 O-O 13. Bh4 Nh5 14. Qc2 g6 15. Bxg6 Nf4 16. Bd3 Qg7 17. Bg3 Nb4 18.
Qd2 Nbxd3 19. Nxf4 Nxf4 20. Rfe1 Bd7 21. a3 Rac8 22.
Ne5 Bxe5 23. Rxe5 Ng6 24. Re2 Rc4 25. Rd1 Rfc8 26. b3 Rc3 27. h4 Rxb3 28. h5 Ne7 29. Be5 Qg4 30. Rde1 Nf5 31. Bf6 Nh4 32.
Bxh4 Qxh4 33. Qh6 Rf8 34. Re5 Qxf2+ 35. Kh1 Qh4+ 36. Kg1 Qxd4+ 37. Kh1 Qh4+ 38. Kg1 Rg3 39. R1e2 d4 40. Qd2 d3 41. R2e4 Qf6 42. Qb2 Bc6 43. Kh2 Bxe4 44. Kxg3 Qf4+ 45. Kh3 Bf5+ 46. g4 Bxg4+ 47.
Kh4 Bf5# 0-1

[Event "*** SCC Grand Prix: Titled Tuesday Blitz"]
[Site "Chess.com"]
[Date "2020.06.09"]
[Round "5"]
[White "Efremov_Vlad"]
[Black "quesfr"]
[Result "1-0"]
[WhiteElo "2172"]
[BlackElo "2240"]
[TimeControl "180+1"]
[EndTime "9:56:57 PDT"]
[Termination "Efremov_Vlad won on time"]

1. d4 d5 2. c4 e6 3. Nf3 Nf6 4.
Nc3 Bb4 5. Qa4+ Nc6 6. e3 O-O 7.
Bd2 dxc4 8. Bxc4 a6 9. a3 Bd6 10. Qc2 e5 11. dxe5 Nxe5 12. Nxe5 Bxe5 13. f4 Bd6 14.
O-O Bc5 15. Kh1 Qe7 16. Rae1 Be6 17. Bxe6 Qxe6 18. b4 Ba7 19. Rf3 Rad8 20. e4 Ng4 21. Ref1 Rfe8 22. h3 Nf6 23. e5 Nd5 24. Ne4 h6 25. Bc3 Qg6 26. f5 Qb6 27. f6 g6 28.
Qc1 Kh7 29. Bd2 Qc6 30. Bxh6 Qxc1 31. Bxc1 Rxe5 32. Ng5+ Kg8 33. h4 Rd7 34. Bf4 Re4 35. Rc1 Rd4 36. Be5 Rd2 37. Kh2 Rb2 38. Bxb2 1-0

[Event "*** SCC Grand Prix: Titled Tuesday Blitz"]
[Site "Chess.com"]
[Date "2020.06.09"]
[Round "5"]
[White "ferdipy"]
[Black "Shushik"]
[Result "1-0"]
[WhiteElo "2350"]
[BlackElo "2160"]
[TimeControl "180+1"]
[EndTime "9:56:57 PDT"]
[Termination "ferdipy won by resignation"]

1. e4 e5 2. Nf3 Nc6 3. Bc4 Bc5 4. b4 Bxb4 5. c3 Ba5 6. d4 d6 7. Qb3 Qd7 8. O-O Bb6 9. Qc2 Nf6 10. Bb5 O-O 11. Bg5 Qe7 12. Re1 Bg4 13. Nbd2 exd4 14. Bxc6 bxc6 15. cxd4 Qe6 16. Qxc6 Nd7 17. h3 Bxf3 18.
Nxf3 f6 19. Bh4 Qf7 20. a4 a5 21. Bg3 Rfe8 22. Re2 Nf8 23. e5 fxe5 24. dxe5 dxe5 25. Nxe5 Qe6 26. Qb7 Rab8 27. Qf3 Qf6 28. Qb3+ Qe6 29. Qc2 Qf6 30. Rae1 Rbd8 31. Qb3+ Qe6 32. Qc2 Qf6 33. Re4 Rd4 34. Rxd4 Bxd4 35. Qc4+ Ne6 36. Nf3 c5 37. Ng5 Qxg5 38. Rxe6 Rxe6 39. Qxe6+ Kf8 40. Bd6+ 1-0

[Event "*** SCC Grand Prix: Titled Tuesday Blitz"]
[Site "Chess.com"]
[Date "2020.06.09"]
[Round "5"]
[White "gumimis"]
[Black "Kapitan_Bayan"]
[Result "0-1"]
[WhiteElo "2139"]
[BlackElo "2334"]
[TimeControl "180+1"]
[EndTime "9:56:58 PDT"]
[Termination "Kapitan_Bayan won by checkmate"]

1. e4 Nc6 2. d4 d5 3. e5 Bf5 4. Nf3 h5 5. Nc3 Qd7 6. Be3 Nh6 7. h3 f6 8. exf6 gxf6 9. Bd3 O-O-O 10. Qd2 e5 11. dxe5 fxe5 12. Bxf5 Nxf5 13. Bg5 Be7 14. Bxe7 Nfxe7 15. O-O-O Rhg8 16. g3 e4 17. Nd4 Ne5 18.
Qh6 Rh8 19. Qf6 Qd6 20. Ne6 Rdf8 21. Qxf8+ Rxf8 22. Nxf8 Qh6+ 23. Kb1 Qxf8 24. Nxd5 Nxd5 25. Rxd5 Qf3 26. Rhd1 Nc6 27. b4 b6 28. b5 Nb4 29.
Rd8+ Kb7 30. R1d2 Qa3 31. c4 Qc3 32. a3 Nd3 33. Re2 Qc1+ 34. Ka2 Qxc4+ 35. Kb1 Qb3+ 36. Ka1 Qxa3+ 37. Kb1 Qb4+ 38. Kc2 Qc4+ 39. Kd2 Qc1# 0-1

[Event "*** SCC Grand Prix: Titled Tuesday Blitz"]
[Site "Chess.com"]
[Date "2020.06.09"]
[Round "5"]
[White "MarcoRiehle"]
[Black "amintabatabaei"]
[Result "0-1"]
[WhiteElo "2641"]
[BlackElo "2878"]
[TimeControl "180+1"]
[EndTime "9:56:59 PDT"]
[Termination "amintabatabaei won by resignation"]

1. e4 c6 2. c4 d5 3. exd5 cxd5 4. cxd5 Nf6 5. Nc3 Nxd5 6. Nf3 e6 7. d4 Bb4 8. Bd2 Nc6 9. Bd3 O-O 10. O-O Be7 11. Rc1 Ndb4 12. Bb1 Nxd4 13. Nxd4 Qxd4 14. Nb5 Qe5 15. Nc7 Rb8 16. Bc3 Qg5 17. f4 Qc5+ 18. Bd4 Qa5 19. Be5 Nc6 20. Rf3 Nxe5 21. fxe5 g6 22. Rh3 Bc5+ 23. Kh1 Qxc7 24. Qe1 Qe7 25.
Qd2 b6 26. Qh6 f5 27. exf6 Rxf6 28. Re1 Bb7 29. Rg3 Rbf8 30. Qc1 Qf7 31. h3 Rf1+ 32. Kh2 Bg1+ 33. Kh1 Be3+ 34. Kh2 Bxc1 0-1

[Event "*** SCC Grand Prix: Titled Tuesday Blitz"]
[Site "Chess.com"]
[Date "2020.06.09"]
[Round "5"]
[White "mr65"]
[Black "crazy_but_lazy"]
[Result "0-1"]
[WhiteElo "2170"]
[BlackElo "2406"]
[TimeControl "180+1"]
[EndTime "9:56:59 PDT"]
[Termination "crazy_but_lazy won on time"]

1. e4 c5 2. d4 cxd4 3. c3 Nf6 4. e5 Nd5 5. Nf3 Nc6 6. cxd4 e6 7. Nc3 d6 8. Nxd5 exd5 9. exd6 Bxd6 10. h3 O-O 11.
Be2 h6 12. O-O Qf6 13. Be3 Bf5 14. a3 Rfe8 15. Qd2 Rad8 16. Rac1 Bb8 17. Rfe1 Be4 18. Nh2 Qd6 19. Nf1 a6 20. Bd1 Ne7 21. Ba4 b5 22.
Bb3 Ng6 23. f3 Bf5 24. Bf2 Rxe1 25. Rxe1 Qf6 26. Bg3 Ba7 27. Bf2 h5 28. g4 hxg4 29. hxg4 Be6 30. g5 Qxf3 31. Bd1 Qh3 32. Re3 Qh7 33.
Bf3 Bb8 34. Bg2 Nf4 35. Rg3 Rc8 36. Rf3 Rc2 37. Qe3 Ne2+ 38. Qxe2 Rxe2 0-1

[Event "*** SCC Grand Prix: Titled Tuesday Blitz"]
[Site "Chess.com"]
[Date "2020.06.09"]
[Round "5"]
[White "eljanov"]
[Black "FairChess_on_YouTube"]
[Result "0-1"]
[WhiteElo "2818"]
[BlackElo "3031"]
[TimeControl "180+1"]
[EndTime "9:57:00 PDT"]
[Termination "FairChess_on_YouTube won on time"]

1. Nf3 b5 2. g3 Bb7 3. Bg2 e6 4. O-O Nf6 5. d4 c5 6. c3 Be7 7. Bg5 O-O 8. e3 cxd4 9. cxd4 d6 10. Qd3 g6 11. Rc1 a6 12. Nc3 Nbd7 13. Nd2 Bxg2 14. Kxg2 Qb6 15. Nde4 Rfc8 16. Bxf6 Bxf6 17. a4 b4 18. Ne2 Be7 19. Nd2 Qb7+ 20. Kg1 d5 21. Rxc8+ Rxc8 22. Rc1 Rxc1+ 23. Nxc1 Qc6 24. Ncb3 Qxa4 25.
Qc2 Bf8 26. Qc7 Qb5 27. Nf3 h6 28. Na5 Nf6 29. Nc6 Ne8 30. Qd7 Nd6 31. Nfe5 Qb7 32.
Qd8 Kg7 33. Nd7 Qc8 34. Qf6+ Kg8 35. Nce5 Qe8 36. Nxf8 Qxf8 37. Nc6 Qe8 38. Nxb4 Ne4 39. Qf4 Qb5 0-1

[Event "*** SCC Grand Prix: Titled Tuesday Blitz"]
[Site "Chess.com"]
[Date "2020.06.09"]
[Round "5"]
[White "DenLaz"]
[Black "BillieKimbah"]
[Result "1-0"]
[WhiteElo "2653"]
[BlackElo "2852"]
[TimeControl "180+1"]
[EndTime "9:57:00 PDT"]
[Termination "DenLaz won on time"]

1. d4 Nf6 2. c4 g6 3. g3 Bg7 4.
Bg2 O-O 5. Nc3 d6 6. Nf3 Nbd7 7.
O-O e5 8. e4 c6 9. h3 Qb6 10.
Re1 exd4 11. Nxd4 Ne8 12. Nb3 a5 13. Be3 Qb4 14. Nd4 Qxc4 15. Bf1 Qb4 16. a3 Qb6 17. Ne6 Qxb2 18. Nxg7 Nxg7 19. Nd5 Ne6 20. Nc7 Qxa1 21.
Qxa1 Nxc7 22. Bh6 Ne6 23. Bxf8 Ndxf8 24. Rd1 c5 25. Rxd6 Nd4 26. Qc3 Bxh3 27. Rd5 Bxf1 28. Kxf1 Nfe6 29. f4 Re8 30. f5 gxf5 31. exf5 Ng5 32.
Qxc5 Ndf3 33. Rd1 Nh2+ 34. Kg1 Nhf3+ 35. Kh1 Ne4 36. Qc2 h5 37. Kg2 Nfg5 38. Re1 Re5 39. f6 Re6 40. Qc8+ Kh7 41. Qc2 Kg6 42. Rf1 b5 43. Qc8 1-0

[Event "*** SCC Grand Prix: Titled Tuesday Blitz"]
[Site "Chess.com"]
[Date "2020.06.09"]
[Round "5"]
[White "Haykos"]
[Black "totoro9"]
[Result "1-0"]
[WhiteElo "2588"]
[BlackElo "2378"]
[TimeControl "180+1"]
[EndTime "9:57:00 PDT"]
[Termination "Haykos won on time"]

1. e4 c5 2. Nf3 d6 3. Bb5+ Bd7 4. Bxd7+ Qxd7 5. O-O Nf6 6. e5 dxe5 7. Nxe5 Qc8 8.
d3 e6 9. Nc3 Bd6 10. Nc4 Be7 11. Bf4 Qc6 12. a4 O-O 13. Ne5 Qc8 14. Qf3 Nbd7 15.
Nc4 a6 16. Rfe1 Rd8 17. a5 Qc6 18. Qh3 Bf8 19. Bg5 h6 20. Bf4 Nd5 21. Bd2 N7f6 22. Ne5 Qc7 23. Ra4 Bd6 24. Nc4 Be7 25. Ne5 Bd6 26.
Nf3 Nb4 27. Rc1 Bf4 28. Raa1 Bxd2 29. Nxd2 Nfd5 30. Nc4 Nxc3 31. bxc3 Nd5 32. Ra2 Rd7 33.
Ra3 Re7 34. Rb3 Rb8 35. Rcb1 f5 36. Qf3 Nf6 37. Qe3 g5 38. Qe5 1-0

[Event "*** SCC Grand Prix: Titled Tuesday Blitz"]
[Site "Chess.com"]
[Date "2020.06.09"]
[Round "5"]
[White "TigrVShlyape"]
[Black "pheonixking2000"]
[Result "0-1"]
[WhiteElo "2896"]
[BlackElo "2785"]
[TimeControl "180+1"]
[EndTime "9:57:01 PDT"]
[Termination "pheonixking2000 won on time"]

1. d4 Nf6 2. Nf3 d5 3. Bf4 c5 4. e3 Nc6 5. Nbd2 Nh5 6. Bg5 h6 7. Bh4 g5 8. Ne5 Nxe5 9. dxe5 Ng7 10. Bg3 Nf5 11. e4 Nxg3 12. hxg3 Bg7 13. Bb5+ Bd7 14. Bxd7+ Qxd7 15. f4 O-O-O 16. Qe2 h5 17. O-O-O h4 18.
Nf3 Qg4 19. exd5 hxg3 20. Rxh8 Qxf4+ 21. Kb1 Bxh8 22. Qb5 Qe3 23. Rd3 Qf2 24. Rd2 Qe3 25. Rd3 Qf2 26. Rd2 a6 27. Qc4 Qe3 28. a4 Kb8 29.
Re2 Qf4 30. Qxf4 gxf4 31. c4 b5 32. axb5 axb5 33. b3 Kc7 34. Kc2 Kb6 35. Kd3 Ra8 36. Ke4 Ra3 37. Rb2 f6 38. exf6 Bxf6 39. Rb1 Kc7 40. Kxf4 bxc4 41. bxc4 Rc3 42. Kxg3 Rxc4 43. Kf2 Kd6 44. Rd1 Bd4+ 0-1

[Event "*** SCC Grand Prix: Titled Tuesday Blitz"]
[Site "Chess.com"]
[Date "2020.06.09"]
[Round "5"]
[White "BikingBrian"]
[Black "PlayChessSimple"]
[Result "0-1"]
[WhiteElo "2306"]
[BlackElo "2501"]
[TimeControl "180+1"]
[EndTime "9:57:01 PDT"]
[Termination "PlayChessSimple won by resignation"]

1. d4 e6 2. e4 d5 3. Nd2 c5 4. exd5 Qxd5 5. Ngf3 cxd4 6. Bc4 Qd8 7. Nb3 Qc7 8. Qe2 Nc6 9. Nbxd4 Nxd4 10. Nxd4 a6 11.
O-O Bd6 12. Nf5 Bxh2+ 13. Kh1 Qe5 14. Nxg7+ Kf8 15. Qxe5 Bxe5 16. Nh5 Bd7 17. Re1 Rc8 18. Bb3 Bb8 19. Bf4 Bxf4 20. Nxf4 Nf6 21. Rad1 Rg8 22.
f3 Rc5 23. Rd4 Rcg5 24. Rd2 Ke7 25. Red1 Bc6 26. c3 Nh5 27. Nh3 Rg3 28. Kh2 Nf6 29.
Bc2 h5 30. Re1 h4 31. Be4 Bxe4 32. fxe4 Ng4+ 33. Kh1 Ne5 34. Nf4 R8g4 35. Nh3 Nc4 36. Rf2 Ne3 37. Nf4 Rxf4 38. Rxf4 Nxg2 39. Ref1 Nxf4 40.
Rxf4 h3 41. Kh2 Rg2+ 42. Kxh3 Rxb2 43. a4 Rc2 44. Rf3 Re2 45. Rf4 Re3+ 46. Kg4 Rxc3 47. e5 b5 48. axb5 axb5 49. Rb4 Rc4+ 50. Rxc4 bxc4 51.
Kf4 0-1

[Event "*** SCC Grand Prix: Titled Tuesday Blitz"]
[Site "Chess.com"]
[Date "2020.06.09"]
[Round "5"]
[White "blitzcopter"]
[Black "Batsai"]
[Result "0-1"]
[WhiteElo "2066"]
[BlackElo "2305"]
[TimeControl "180+1"]
[EndTime "9:57:01 PDT"]
[Termination "Batsai won on time"]

1. e4 c5 2. Nc3 d6 3. g3 g6 4.
Bg2 Bg7 5. d3 Nc6 6. Be3 Nf6 7.
h3 O-O 8. f4 Bd7 9. Nf3 Rb8 10.
O-O b5 11. Qd2 Qb6 12. g4 b4 13. Ne2 d5 14. e5 d4 15. Bf2 Ne8 16. Ng3 Nc7 17. Ne4 Rfd8 18. Bg3 Be6 19. Rae1 c4 20. Nfg5 c3 21. Qc1 cxb2 22. Qxb2 Bd5 23. f5 Nxe5 24.
fxg6 Nxg6 25. Nd2 Bxg2 26. Kxg2 Rbc8 27. Nxf7 Rf8 28. Qb3 Qc6+ 29. Ne4 Qd5 30. Qxd5 Nxd5 31. Nfg5 Rxc2+ 32. Rf2 Ne3+ 33. Kg1 Rfxf2 34. Bxf2 Rxa2 35.
Bxe3 dxe3 36. Rxe3 b3 37. Re1 Bd4+ 38. Kf1 b2 0-1